 Dungeon Crawl Stone Soup version 0.17-a0-2211-gbb7320e (webtiles) character file.

950 Ishikawa the Magician (level 7, -5/51 HPs)
             Began as a Mummy Wizard on Oct 20, 2015.
             Was an Initiate of Kikubaaqudgha.
             Slain by an orc warrior
             ... wielding a +0 halberd
              (18 damage)
             ... on level 6 of the Dungeon on Oct 27, 2015.
             The game lasted 00:21:02 (4761 turns).

Ishikawa the Magician (Mummy Wizard)                Turns: 4761, Time: 00:21:05

Health: -5/51      AC:  3    Str: 10    XL:     7   Next: 90%
Magic:  4/14       EV: 12    Int: 20    God:    Kikubaaqudgha [......]
Gold:   68         SH:  0    Dex: 10    Spells: 5 memorised, 4 levels left

rFire  x . .     SeeInvis +     d - +2 whip (flame)
rCold  + + .     Clarity  .     l - +0 robe
rNeg   + + +     SustAt   .     (no shield)
rPois  ∞         Gourm    .     b - +0 hat
rElec  .         Spirit   .     r - +0 cloak
rCorr  .         Warding  .     (no gloves)
rMut   .         Stasis   .     (no boots)
MR     .....                    (no amulet)
Stlth  ++........               q - ring of protection from cold
                                j - ring of see invisible

@: very slightly contaminated, not resistant to hostile enchantments, unstealthy
A: no food or potions, fire vulnerability, cold resistance 1, negative energy
resistance 3, torment resistance, unbreathing
a: Renounce Religion


You were on level 6 of the Dungeon.
You worshipped Kikubaaqudgha.
Kikubaaqudgha was noncommittal.
You were not hungry.

You visited 2 branches of the dungeon, and saw 7 of its levels.

You collected 236 gold pieces.
You spent 168 gold pieces at shops.

Inventory:

Hand Weapons
 d - a +2 whip of flaming (weapon)
 e - a +0 mace
 k - a +0 morningstar
 p - a +2 mace of crushing
Armour
 b - a +0 hat (worn)
 l - a +0 robe (worn)
 r - a +0 cloak (worn)
Jewellery
 j - a ring of see invisible (left hand)
 q - a ring of protection from cold (right hand)
Wands
 s - a wand of random effects (16)
 u - a wand of disintegration (8)
Scrolls
 a - a scroll of noise {unknown}
 f - a scroll of fear {unknown}
 g - 3 scrolls of blinking {unknown}
 h - 2 scrolls of teleportation {unknown}
 i - 4 scrolls of identify
 m - 5 scrolls of random uselessness {unknown}
 n - a scroll of enchant weapon {unknown}
 o - a scroll of immolation {unknown}
 t - a scroll of fog {unknown}
Books
 c - a book of Minor Magic

   Spells                             Type                      Level
   a - Magic Dart                     Conjuration                  1
   b - Blink                          Translocation                2
   c - Call Imp                       Summoning                    2
   d - Repel Missiles                 Charms/Air                   2
   e - Slow                           Hexes                        2
   f - Conjure Flame                  Conjuration/Fire             3
   g - Mephitic Cloud                 Conjuration/Poison/Air       3


   Skills:
 + Level 2.6 Fighting
 + Level 1.5 Armour
 - Level 1.5 Dodging
 - Level 1.5 Stealth
 + Level 4.9 Spellcasting
 + Level 3.2 Conjurations
 - Level 2.0 Summonings
 + Level 1.5 Necromancy
 - Level 0.7 Translocations
 + Level 1.7 Fire Magic
 - Level 2.1 Air Magic
 - Level 2.1 Poison Magic


You had 4 spell levels left.
You knew the following spells:

 Your Spells              Type           Power        Failure   Level  Hunger
a - Magic Dart            Conj           ###.         3%          1    N/A
b - Call Imp              Summ           ##......     10%         2    N/A
c - Mephitic Cloud        Conj/Pois/Air  ###.....     14%         3    N/A
d - Conjure Flame         Conj/Fire      ##......     14%         3    N/A
e - Blink                 Tloc           N/A          17%         2    N/A

Dungeon Overview and Level Annotations

Branches:
Dungeon (6/15)             Temple (1/1) D:5

Altars:
Ashenzari
Cheibriados
Elyvilon
Fedhas
Gozag
Kikubaaqudgha
Trog
Vehumet
Xom
Zin
The Shining One

Shops:
D:5 }

Annotations:
D:4 krfreak's ghost, novice DrAr


Innate Abilities, Weirdness & Mutations

You do not eat or drink.
Your flesh is vulnerable to fire.
You are immune to poison.
Your flesh is cold resistant.
You are immune to negative energy.
You are immune to unholy pain and torment.
You can survive without breathing.


Message History

There is a stone staircase leading up here.
The orc warrior hits you with a halberd!
* * * LOW HITPOINT WARNING * * *
You see here a whip.
The orc warrior barely misses you.
Casting: Call Imp
Confirm with . or Enter, or press ? or * to list all spells.
Aiming: Mephitic Cloud
Press: ? - help, Shift-Dir - straight line, f - crimson imp
Aim: a crimson imp You miscast Mephitic Cloud.
You are very lightly contaminated with residual magic.
You feel mildly nauseous. The crimson imp barely misses you.
Casting: Mephitic Cloud
Confirm with . or Enter, or press ? or * to list all spells.
A beastly little devil appears in a puff of flame.
The crimson imp closely misses you.
The orc warrior hits you from afar with a halberd!!
You die...
Kikubaaqudgha rasps: "You have failed me!
Welcome... oblivion!"

........#.# ##
#........####....
#.####.#.........
#5#..###.##
#o#..###.#.#.[
#)#.......?...
#.#.%..#.#.#..
...###.####o#.#....
..........@5<....#
##.####.#.####%....#
...5... ......
###.#..... ....#
...#.#####..###
###.#.# .. ....# P..
###.#


You could see an orc warrior, a crimson imp and a friendly crimson imp.

Vanquished Creatures
  Grinder (D:5)
  A sky beast (D:5)
  A centaur (D:6)
  A phantom (D:5)
  An ogre (D:4)
  A scorpion (D:4)
  A giant frog skeleton (D:4)
  2 hounds (D:4)
  A jelly (D:6)
  An orc wizard (D:5)
  A centaur skeleton (D:5)
  Jessica (D:2)
  2 worker ants
  2 adders
  4 gnolls
  2 oozes
  2 adder zombies (D:5)
  2 giant geckos (D:1)
  10 orcs
  A ball python (D:3)
  11 bats
  2 giant cockroaches
  3 goblins
  9 hobgoblins
  5 jackals
  9 kobolds
  A quokka (D:3)
  10 giant newts
  7 rats
95 creatures vanquished.

Vanquished Creatures (collateral kills)
  A hound (D:4)
  A worker ant (D:4)
  A gnoll (D:5)
  4 adders
  2 worms (D:2)
  An orc (D:3)
10 creatures vanquished.

Grand Total: 105 creatures vanquished

Notes
Turn   | Place    | Note
--------------------------------------------------------------
     0 | D:1      | Ishikawa the Mummy Wizard began the quest for the Orb.
     0 | D:1      | Reached XP level 1. HP: 13/13 MP: 4/4
     0 | D:1      | Upgraded the game from 0.17-a0-2115-g0d8b93e to 0.17-a0-2211-gbb7320e
   179 | D:1      | Reached skill level 1 in Conjurations
   179 | D:1      | Reached XP level 2. HP: 20/20 MP: 0/6
   182 | D:1      | Reached skill level 1 in Fighting
   236 | D:1      | Found a shimmering altar of Xom.
   361 | D:1      | Learned a level 2 spell: Call Imp
   705 | D:2      | Reached XP level 3. HP: 21/26 MP: 8/8
   710 | D:2      | Learned a level 3 spell: Mephitic Cloud
   743 | D:2      | Found an opulent altar of Gozag.
   888 | D:2      | Noticed Jessica
   982 | D:2      | Killed Jessica
   982 | D:2      | Reached skill level 1 in Summonings
  1028 | D:2      | Reached XP level 4. HP: 30/33 MP: 2/9
  1041 | D:2      | Learned a level 3 spell: Conjure Flame
  1064 | D:2      | Found a glowing silver altar of Zin.
  2233 | D:4      | Reached skill level 1 in Air Magic
  2233 | D:4      | Reached skill level 1 in Poison Magic
  2233 | D:4      | Reached XP level 5. HP: 36/38 MP: 6/10
  2248 | D:4      | Reached skill level 4 in Spellcasting
  2331 | D:4      | Noticed krfreak's ghost (novice DrAr)
  3244 | D:4      | Noticed an ogre
  3272 | D:4      | Killed an ogre
  3272 | D:4      | Reached XP level 6. HP: 35/44 MP: 2/12
  3288 | D:4      | Learned a level 2 spell: Blink
  3500 | D:5      | Entered Level 5 of the Dungeon
  3500 | D:5      | Found a glowing golden altar of the Shining One.
  3500 | D:5      | Found a bloodstained altar of Trog.
  3500 | D:5      | Found a snail-covered altar of Cheibriados.
  3582 | D:5      | Noticed Grinder
  3588 | D:5      | Paralysed by Grinder for 7 turns
  3600 | D:5      | Killed Grinder
  3600 | D:5      | Reached skill level 1 in Fire Magic
  3600 | D:5      | Reached XP level 7. HP: 26/50 MP: 5/13
  3786 | D:5      | Found a staircase to the Ecumenical Temple.
  3799 | Temple   | Entered the Ecumenical Temple
  3807 | Temple   | Became a worshipper of Kikubaaqudgha
  4181 | D:5      | Reached skill level 1 in Armour
  4493 | D:5      | Reached skill level 1 in Necromancy
  4508 | D:5      | Found Uliuxir's Gadget Shoppe.
  4516 | D:5      | Bought a wand of disintegration (8) for 168 gold pieces
  4761 | D:6      | Slain by an orc warrior

Vault maps used:
D:1:      sevenhm_arrival_forest_fort_large_4, xom_teletrap_fun
D:2:      grunt_gozag_breadcrumbs, overflow_temple_1_default, first_bread,
          st_stairs_8, uniq_jessica
D:4:      cheibrodos_gnoll_hut
D:5:      grunt_temple_overflow_open, minmay_temple_entry_glassed_door,
          serial_shops, shop, kennysheep_generic_room_11, uniq_grinder
D:6:      basic_altar, fedhas_bush_and_centaur_altar, uniq_menkaure,
          uniq_prince_ribbit1, uniq_eustachio
Temple:   triangle_lava_temple_12

Action                   |  1- 3 |  4- 6 |  7- 9 || total
-------------------------+-------+-------+-------++-------
Melee: Mace              |    47 |   116 |       ||   163
       Whip              |       |     5 |    52 ||    57
 Cast: Magic Dart        |    54 |    33 |    27 ||   114
       Call Imp          |     6 |    21 |    12 ||    39
       Mephitic Cloud    |       |     7 |    10 ||    17
       Conjure Flame     |       |     3 |     3 ||     6
       Blink             |       |     2 |     1 ||     3
  Use: Scroll            |       |     2 |       ||     2
 Stab: Distracted        |     1 |       |       ||     1
       Confused          |       |     6 |     3 ||     9
